 Dungeon Crawl Stone Soup version 0.30-a0-377-g5cb311bc9f (webtiles) character file.

Game seed: 278528793311818827

254 Angani the Trooper (level 5, 0/48 HPs)
             Began as a Draconian Warper on Dec 1, 2022.
             Slain by a white imp (5 damage)
             ... summoned by Natasha
             ... on level 3 of the Dungeon.
             The game lasted 00:08:42 (3249 turns).

Angani the Trooper (Draconian Warper)               Turns: 3249, Time: 00:08:43

Health: 0/48       AC:  5    Str: 13    XL:     5   Next: 90%
Magic:  11/11      EV: 12    Int: 16    God:
Gold:   180        SH:  0    Dex: 10    Spells: 7/12 levels left

rFire   . . .      SeeInvis .    a - +0 spear
rCold   . . .      Faith    .    (no shield)
rNeg    . . .      Spirit   .    (body armour unavailable)
rPois   .          Reflect  .    (helmet restricted)
rElec   .          Harm     .    l - scarf {repulsion}
rCorr   .          Rampage  .    (no gloves)
Will    .....                    (no boots)
Stlth   +.........               (no amulet)
HPRegen 0.28/turn                (no ring)
MPRegen 0.12/turn                (no ring)

@: slowed, repel missiles, very slow
A: AC +5, unfitting armour, cold-blooded
a: no special abilities


You were on level 3 of the Dungeon.
You visited 1 branch of the dungeon, and saw 3 of its levels.
You also visited: Sewer.

You collected 180 gold pieces.

Inventory:

Hand Weapons
 a - a +0 spear (weapon)
Missiles
 c - 7 boomerangs of dispersal (quivered)
Armour
 l - a scarf of repulsion (worn)
Scrolls
 d - a scroll of enchant armour {unknown}
 g - 4 scrolls of teleportation
 i - a scroll of blinking
 j - a scroll of summoning {unknown}
 k - 2 scrolls of brand weapon {unknown}
Potions
 f - a potion of brilliance {unknown}
 m - a potion of mutation {unknown}


   Skills:
 - Level 5.0 Fighting
 - Level 2.0 Polearms
 - Level 0.8 Throwing
 - Level 2.1 Dodging
 + Level 4.3 Spellcasting
 + Level 3.0 Translocations


You had 7 spell levels left.
You knew the following spells:

 Your Spells              Type           Power      Damage    Failure   Level
a - Blink                 Tloc           26%        N/A       7%          2
b - Teleport Other        Tloc           13%        N/A       14%         3

Your spell library contained the following spells:

 Spells                   Type           Power      Damage    Failure   Level
 Lesser Beckoning         Tloc           26%        N/A       14%         3
 Freeze                   Ice            12%        1d3       17%         1
 Sublimation of Blood     Necr           3%         N/A       26%         2
 Wereblood                Tmut           3%         N/A       26%         2
 Vhi's Electric Charge    Tloc/Air       16%        N/A       26%         3
 Manifold Assault         Tloc           13%        N/A       43%         4
 Frozen Ramparts          Ice            6%         1d1       45%         3
 Hailstorm                Conj/Ice       3%         3d3       45%         3
 Summon Hydra             Summ           1%         N/A       100%        7


Dungeon Overview and Level Annotations

Branches:
Dungeon (3/15)              Sewer (visited)

Altars:

Annotations:
D:3 Natasha


Innate Abilities, Weirdness & Mutations

Your plain brown scales are hard. (AC +5)
You cannot fit into any form of body armour.
You are cold-blooded and may be slowed by cold attacks.


Message History

The white imp gestures at you. The puff of frost hits you.
You barely miss Natasha.
Your tail-slap misses Natasha.
Natasha is almost dead.
Natasha mumbles some strange words.
The white imp hits you.
* * * LOW HITPOINT WARNING * * *
The white imp freezes you.
* * * LOW HITPOINT WARNING * * *
You hit Natasha but do no damage.
Your tail-slap misses Natasha.
Natasha is almost dead.
Natasha casts a spell.
The white imp hits you but does no damage.
Unknown command.
You closely miss Natasha.
Natasha is almost dead.
Natasha barely misses you. The white imp hits you.
* * * LOW HITPOINT WARNING * * *
The white imp freezes you.
You feel yourself slow down.
* * * LOW HITPOINT WARNING * * *
Unknown command.
Unknown command.
It was a potion of heal wounds.
You feel much better.
Natasha stares at you and mumbles some strange words.
The magic dart hits you. The white imp misses you. Natasha closely misses you.
Unknown command.
You hit Natasha but do no damage.
Natasha is almost dead.
You feel yourself speed up.
The white imp hits you but does no damage.
Natasha casts a spell at you. The magic dart hits you.
* * * LOW HITPOINT WARNING * * *
The white imp gestures at you. The puff of frost hits you!
* * * LOW HITPOINT WARNING * * *
The white imp hits you.
* * * LOW HITPOINT WARNING * * *
The white imp freezes you.
You feel yourself slow down.
You die...

#.# ###.# ##...##
##.##..## #.###.#.# #
#.##..#.# #####.##.
#.##..#.# #........
##.#...#########5#...##.
'...............@h5..$..
####...#########5#...##.
# #..### #.# ..# #....#
#.# ## ####.# #.# #.#
#.# #.# #.. ## #.# ###
.# #.#


You could see Natasha and 3 white imps.

Vanquished Creatures
  2 orc priests
  Natasha (D:3)
  A gnoll (D:1)
  A river rat (D:3)
  6 adders
  3 worms (D:2)
  A dart slug (D:1)
  An orc (D:2)
  2 bats
  5 endoplasms
  13 giant cockroaches
  5 goblins
  4 hobgoblins
  8 quokkas
  12 ball pythons
  14 frilled lizards
  4 kobolds
  4 rats (D:1)
87 creatures vanquished.

Notes
Turn   | Place    | Note
-------+----------+-------------------------------------------
     0 | D:1      | Angani the Draconian Warper began the quest for the Orb.
     0 | D:1      | Reached XP level 1. HP: 17/17 MP: 3/3
   135 | D:1      | Reached XP level 2. HP: 25/25 MP: 5/5
   458 | D:1      | Reached skill level 3 in Fighting
   723 | D:1      | Reached XP level 3. HP: 22/31 MP: 7/7
  1162 | D:2      | HP: 1/31 [poisoned by an adder]
  1285 | D:3      | Noticed Natasha
  1299 | D:3      | Killed Natasha
  1300 | D:3      | Reached XP level 4. HP: 35/40 MP: 8/8
  1415 | D:3      | Found a glowing drain.
  1462 | Sewer    | Entered a sewer
  1543 | Sewer    | Learned a level 2 spell: Blink
  1574 | Sewer    | Reached skill level 4 in Fighting
  1817 | Sewer    | Reached XP level 5. HP: 44/46 MP: 10/10
  1933 | Sewer    | Learned a level 3 spell: Teleport Other
  3035 | D:3      | Reached skill level 5 in Fighting
  3224 | D:3      | Noticed Natasha
  3249 | D:3      | Slain by a white imp

Illustrated notes

Levels and vault maps discovered:
D:1:      heliophobic_arrival_henge, layout_basic, hangedman_decor_growths,
          st_stairs_9, minmay_misc_feat_plants
D:2:      layout_basic, serial_curves, eino_curves_02, eino_curves_04,
          eino_curves_01, eino_curves_01, minivault_25
D:3:      layout_loops_corners, portal_sewer_entry_c, minivault_26,
          minmay_tree_intersection, uniq_natasha

Skill      XL: |  1  2  3  4  5 |
---------------+----------------+-----
Fighting       | 3 4 5 |  5.0
Spellcasting   | 3 4 |  4.3
Polearms       | |  2.0
Throwing       | |  0.8
Dodging        | |  2.1
Translocations | |  3.0

Action                   |  1- 3 |  4- 6 || total
-------------------------+-------+-------++-------
Melee: Spear             |   144 |   273 ||   417
       Tailslap          |    21 |    27 ||    48
       Unarmed           |     5 |     5 ||    10
       Punch             |     1 |     1 ||     2
 Cast: Teleport Other    |       |     4 ||     4
  Use: Scroll            |     3 |     1 ||     4
       Potion            |     2 |     3 ||     5
 Stab: Sleeping          |       |     1 ||     1
Armor: Skin              |    41 |    85 ||   126
Dodge: Dodged            |    78 |   165 ||   243
       Repelled          |       |     1 ||     1

Table legend: (Time is in decaauts)
 A = Elapsed time spent in this place.
 B = Non-inter-level travel time spent in this place.
 C = Inter-level travel time spent in this place.
 D = Time resting spent in this place.
 E = Time spent auto-exploring this place.
 F = Levels seen in this place.
 G = Mean time per level.
                   A        B        C        D        E       F      G
               +--------+--------+--------+--------+--------+-----+--------+
         Total |   3304 |   3242 |     62 |    465 |   1617 |   4 |  826.0 |
       Dungeon |   2706 |   2644 |     62 |    282 |   1617 |   3 |  902.0 |
         Sewer |    598 |    598 |      0 |    183 |      0 |   1 |  598.0 |
               +--------+--------+--------+--------+--------+-----+--------+

Top non-repeatable levels by time:
     D:2: 1072 daAuts
     D:1: 979 daAuts
     D:3: 654 daAuts
   Sewer: 598 daAuts
